[Event "International chess holiday M31"]
[Site "Praha"]
[Date "2014.08.04"]
[Round "3"]
[White "Hansch, Karsten"]
[Black "Hansch, Thorsten"]
[Result "1/2-1/2"]
[ECO "C89"]
[WhiteElo "2181"]
[BlackElo "2117"]
[Annotator "Koller,Martin"]
[PlyCount "29"]
[TimeControl "240+2"]

1. e4 e5 2. Nf3 Nc6 3. Bb5 a6 4. Ba4 Nf6 5. O-O b5 6. Bb3 Be7 7. Re1
O-O 8. c3 d5 9. exd5 Nxd5 10. d4 exd4 11. Nxd4 Nxd4 12. Qxd4 Bb7 13. Be3 Bf6
14. Qc5 Nxe3 15. Qxe3 1/2-1/2

[Event "International chess holiday M31"]
[Site "Praha"]
[Date "2014.08.04"]
[Round "3"]
[White "Hansch, Stephen"]
[Black "Jurcisin, Imrich"]
[Result "1-0"]
[ECO "A52"]
[WhiteElo "2044"]
[BlackElo "2037"]
[Annotator "Koller,Martin"]
[PlyCount "65"]
[TimeControl "240+2"]

1. d4 Nf6 2. c4 e5 3. dxe5 Ng4 4. Nf3 Bc5 5. e3 Nc6 6. Be2 Ngxe5 7. Bd2
O-O 8. Bc3 Qe7 9. O-O a5 10. Nbd2 d6 11. Nb3 Bb6 12. Nbd4 Nxf3+ 13. Nxf3 Re8
14. Re1 Bg4 15. Nd4 Bxd4 16. Bxd4 Bxe2 17. Rxe2 Qh4 18. Rd2 Re6 19. Qf3 Rae8
20. Qg3 Qh6 21. c5 Nxd4 22. Rxd4 dxc5 23. Rd7 Qf6 24. Qxc7 Qxb2 25. Rf1 b6 26.
Rxf7 Rf8 27. Rxf8+ Kxf8 28. Rd1 Qf6 29. h3 Re7 30. Rd8+ Kf7 31. Qc8 Kg6 32. g4
Qe6 33. Rd6 1-0

[Event "International chess holiday M31"]
[Site "Praha"]
[Date "2014.08.04"]
[Round "3"]
[White "Michalek, Frantisek"]
[Black "Simecek, Bohumil"]
[Result "1/2-1/2"]
[ECO "C01"]
[WhiteElo "2081"]
[BlackElo "2058"]
[Annotator "Koller,Martin"]
[PlyCount "25"]
[TimeControl "240+2"]

1. e4 e6 2. d4 d5 3. exd5 exd5 4. Bd3 Bd6 5. Nc3 c6 6. Nge2 Bg4 7. Be3
Qc7 8. Qd2 Ne7 9. h3 Bf5 10. O-O-O Bxd3 11. Qxd3 Nd7 12. g3 O-O-O 13. Bf4
1/2-1/2

[Event "International chess holiday M31"]
[Site "Praha"]
[Date "2014.08.04"]
[Round "3"]
[White "Vavrinec, Tomas"]
[Black "Hanl, Frantisek"]
[Result "1/2-1/2"]
[ECO "A38"]
[WhiteElo "2044"]
[BlackElo "1972"]
[Annotator "Koller,Martin"]
[PlyCount "49"]
[TimeControl "240+2"]

1. Nf3 Nf6 2. c4 g6 3. g3 Bg7 4. Bg2 O-O 5. O-O d6 6. Nc3 e5 7. d3 c5
8. a3 Nc6 9. Rb1 a5 10. Bd2 d5 11. cxd5 Nxd5 12. Nxd5 Qxd5 13. Ng5 Qd7 14. Rc1
b6 15. b4 h6 16. b5 Nd4 17. Bxa8 hxg5 18. a4 Qg4 19. f3 Qh3 20. Bxg5 Be6 21.
Bc6 Bb3 22. Qd2 Bxa4 23. Rb1 Qe6 24. Be3 Bb3 25. Bxd4 1/2-1/2

[Event "International chess holiday K31"]
[Site "Praha"]
[Date "2014.08.04"]
[Round "3"]
[White "Cetens, Edward"]
[Black "Hadzala, Daniel"]
[Result "0-1"]
[ECO "A55"]
[WhiteElo "1832"]
[BlackElo "2070"]
[Annotator "Koller,Martin"]
[PlyCount "66"]
[TimeControl "240+2"]

1. d4 Nf6 2. c4 d6 3. Nc3 Nbd7 4. Nf3 e5 5. e4 Be7 6. Be2 O-O 7. O-O c6
8. h3 Qc7 9. Be3 Re8 10. d5 Nf8 11. Qd2 Ng6 12. b4 Nh5 13. Nh2 Nhf4 14. Bg4
Bxg4 15. hxg4 h6 16. Ne2 Bg5 17. Ng3 Nh4 18. Nf3 Nfxg2 19. Nxg5 hxg5 20. Qe2
Nf4 21. Bxf4 exf4 22. Nf5 g6 23. Nd4 Qb6 24. Nc2 Re5 25. Qd3 Rae8 26. Rfe1 Kg7
27. a3 c5 28. b5 f3 29. Re3 Qd8 30. Ne1 Qd7 31. Nxf3 Qxg4+ 32. Kf1 Qg2+ 33. Ke2
Nxf3 0-1

[Event "International chess holiday K31"]
[Site "Praha"]
[Date "2014.08.04"]
[Round "3"]
[White "Fitzke, Ulrich"]
[Black "Kostelecky, Daniel"]
[Result "0-1"]
[ECO "D94"]
[WhiteElo "1926"]
[BlackElo "1639"]
[Annotator "Koller,Martin"]
[PlyCount "76"]
[TimeControl "240+2"]

1. d4 Nf6 2. c4 g6 3. Nc3 d5 4. Nf3 Bg7 5. e3 O-O 6. Bd3 dxc4 7. Bxc4
c5 8. O-O cxd4 9. Nxd4 a6 10. a4 Qc7 11. Qb3 Nbd7 12. Bd2 Nc5 13. Qa2 e6 14.
Rac1 Qe7 15. Qa3 b6 16. Nb3 Nfd7 17. Rfd1 Bb7 18. Bd3 Bxg2 19. Nxc5 Nxc5 20.
Be4 Bxe4 21. Nxe4 Bxb2 22. Qxb2 Nxe4 23. Qxb6 Qg5+ 24. Kf1 Qh4 25. Be1 Qh3+ 26.
Ke2 Qxh2 27. Qc7 e5 28. Rd5 Rae8 29. Qc4 Rc8 30. Qxc8 Rxc8 31. Rxc8+ Kg7 32.
Re8 Nf6 33. Bc3 Qh5+ 34. Kd2 Nxd5 35. Rxe5 Nxc3 36. Rxh5 Nb1+ 37. Kc2 gxh5 38.
Kxb1 h4 0-1

[Event "International chess holiday K31"]
[Site "Praha"]
[Date "2014.08.04"]
[Round "3"]
[White "Kovar, Jan"]
[Black "Nelson, Wayne"]
[Result "1/2-1/2"]
[ECO "B13"]
[WhiteElo "1945"]
[BlackElo "2067"]
[Annotator "Koller,Martin"]
[PlyCount "89"]
[TimeControl "240+2"]

1. e4 c6 2. d4 d5 3. exd5 cxd5 4. Bd3 Nc6 5. c3 Nf6 6. Bf4 e6 7. Nf3
Bd6 8. Bxd6 Qxd6 9. O-O O-O 10. Qe2 a6 11. a4 Qc7 12. Nbd2 Rb8 13. Rfc1 Re8 14.
Re1 Bd7 15. Ne5 Rf8 16. f4 g6 17. Rf1 Nxe5 18. fxe5 Ne8 19. Nb3 a5 20. Rf4 b6
21. h4 Ng7 22. g4 f6 23. h5 fxe5 24. Rxf8+ Rxf8 25. dxe5 gxh5 26. gxh5 Be8 27.
h6 Nf5 28. Nd4 Nxd4 29. cxd4 Qe7 30. Rf1 Qg5+ 31. Qg2 Qxg2+ 32. Kxg2 Rxf1 33.
Kxf1 Bxa4 34. Ke1 Be8 35. Kd2 Bg6 36. Be2 Kf7 37. Kc3 Ke7 38. Kb3 Kd7 39. Ka4
Kc7 40. Kb5 Kb7 41. Ka4 Bf5 42. Kb5 Bg6 43. Ka4 Be8+ 44. Kb3 Bg6 45. Ka4
1/2-1/2

[Event "International chess holiday K31"]
[Site "Praha"]
[Date "2014.08.04"]
[Round "3"]
[White "Pokorny, Jan"]
[Black "Thomasson, Staffam"]
[Result "1/2-1/2"]
[ECO "B06"]
[WhiteElo "1866"]
[BlackElo "1879"]
[Annotator "Koller,Martin"]
[PlyCount "42"]
[TimeControl "240+2"]

1. d4 g6 2. e4 d5 3. exd5 Qxd5 4. Nf3 Bg7 5. c3 Nf6 6. Bf4 Qe4+ 7. Be3
Nd5 8. Nbd2 Qf5 9. Qe2 O-O 10. Qd3 Nc6 11. h3 Nxe3 12. Qxe3 e5 13. dxe5 Re8 14.
O-O-O Nxe5 15. Nxe5 Bxe5 16. Bd3 Qf4 17. Rhe1 Bd7 18. Qxf4 Bxf4 19. Kc2 Ba4+
20. b3 Bc6 21. g3 Be5 1/2-1/2

[Event "International chess holiday K31"]
[Site "Praha"]
[Date "2014.08.04"]
[Round "3"]
[White "Skvaril, Michal"]
[Black "Hapke, Ralf"]
[Result "1/2-1/2"]
[ECO "B01"]
[WhiteElo "1730"]
[BlackElo "1944"]
[Annotator "Koller,Martin"]
[PlyCount "64"]
[TimeControl "240+2"]

1. e4 d5 2. exd5 Nf6 3. d4 Bg4 4. Be2 Bxe2 5. Nxe2 Qxd5 6. O-O e6 7.
Nd2 Nc6 8. c3 Be7 9. Nf3 O-O-O 10. Qc2 g5 11. Bxg5 Rdg8 12. c4 Qd8 13. Rfd1 h6
14. Bh4 Ng4 15. Bxe7 Qxe7 16. a3 Qf6 17. Qc3 Qg7 18. g3 h5 19. h4 Nd8 20. a4 f6
21. a5 a6 22. b4 e5 23. b5 e4 24. bxa6 bxa6 25. Nh2 f5 26. Rab1 e3 27. Nxg4
Qxg4 28. Qd3 f4 29. Qe4 exf2+ 30. Kg2 fxg3 31. Qxg4+ Rxg4 32. Rb3 Rf8 1/2-1/2

[Event "International chess holiday M31"]
[Site "Praha"]
[Date "2014.08.05"]
[Round "4"]
[White "Hanl, Frantisek"]
[Black "Gregor, Jiri"]
[Result "1/2-1/2"]
[ECO "B15"]
[WhiteElo "1972"]
[BlackElo "2262"]
[Annotator "Koller,Martin"]
[PlyCount "20"]
[TimeControl "240+2"]

1. e4 c6 2. d4 d5 3. Nc3 g6 4. exd5 cxd5 5. Bf4 Nc6 6. Nb5 e5 7. dxe5
Be6 8. Nf3 Bc5 9. c3 Qb6 10. Qd2 h6 1/2-1/2

[Event "International chess holiday M31"]
[Site "Praha"]
[Date "2014.08.05"]
[Round "4"]
[White "Hansch, Torsten"]
[Black "Vavrinec, Tomas"]
[Result "0-1"]
[ECO "A70"]
[WhiteElo "2117"]
[BlackElo "2044"]
[Annotator "Koller,Martin"]
[PlyCount "84"]
[TimeControl "240+2"]

1. d4 Nf6 2. c4 c5 3. d5 e6 4. Nc3 exd5 5. cxd5 d6 6. e4 g6 7. Nf3 Bg7
8. h3 O-O 9. Bd3 Na6 10. O-O Re8 11. Bg5 Nc7 12. a4 b6 13. Nd2 a6 14. f4 h6 15.
Bh4 Qd7 16. Qf3 Rb8 17. Kh1 b5 18. e5 dxe5 19. Bxf6 Bxf6 20. Nde4 Bg7 21. Nxc5
Qe7 22. fxe5 Bxe5 23. Rae1 f5 24. Ne6 Bxc3 25. bxc3 Nxe6 26. dxe6 Bb7 27. Qe3
Qh4 28. axb5 axb5 29. Rf4 Qg5 30. Bf1 Bd5 31. Qe5 Bxe6 32. Bxb5 Bf7 33. Bxe8
Rxe8 34. Qd4 Rxe1+ 35. Kh2 Re2 36. Rf2 Rxf2 37. Qxf2 Bd5 38. Qb2 Qf4+ 39. Kg1
Qe3+ 40. Kh2 Qe5+ 41. Kg1 Qg3 42. Qd2 Qxg2+ 0-1

[Event "International chess holiday M31"]
[Site "Praha"]
[Date "2014.08.05"]
[Round "4"]
[White "Michalek, Frantisek"]
[Black "Hansch, Karsten"]
[Result "0-1"]
[ECO "B53"]
[WhiteElo "2081"]
[BlackElo "2181"]
[Annotator "Koller,Martin"]
[PlyCount "96"]
[TimeControl "240+2"]

1. e4 c5 2. Nf3 d6 3. d4 cxd4 4. Qxd4 Nf6 5. e5 Nc6 6. Bb5 Qa5+ 7. Nc3
Qxb5 8. Nxb5 Nxd4 9. Nfxd4 dxe5 10. Nc7+ Kd7 11. Ndb5 Rb8 12. Be3 b6 13. O-O-O+
Kc6 14. Rd8 Kb7 15. Nd5 Be6 16. Rxb8+ Kxb8 17. Nb4 Bd7 18. Nc3 e6 19. Nd3 Bd6
20. Bg5 Bc6 21. f3 Nd7 22. Bh4 f6 23. Rd1 Kc7 24. Bg3 Rd8 25. Nf2 Nc5 26. Nfe4
Nxe4 27. Nxe4 Be7 28. Rxd8 Kxd8 29. Kd2 Bb5 30. Bf2 Kd7 31. Be3 Bc4 32. b3 Bf1
33. g3 Ba6 34. c4 Bb7 35. Ke2 Bb4 36. Nf2 Be7 37. Ne4 g5 38. Nc3 Bc6 39. Nb5
Bxb5 40. cxb5 Kd6 41. Kd3 Kd5 42. h4 gxh4 43. gxh4 h5 44. Bd2 f5 45. Be1 Bc5
46. b4 Bg1 47. a4 f4 48. a5 Bd4 0-1

[Event "International chess holiday M31"]
[Site "Praha"]
[Date "2014.08.05"]
[Round "4"]
[White "Rut, Vojtech"]
[Black "Hansch, Stephan"]
[Result "0-1"]
[ECO "A58"]
[WhiteElo "2119"]
[BlackElo "2044"]
[Annotator "Koller,Martin"]
[PlyCount "118"]
[TimeControl "240+2"]

1. d4 Nf6 2. c4 c5 3. d5 b5 4. cxb5 a6 5. bxa6 Bxa6 6. Nc3 g6 7. g3 d6
8. Bg2 Bg7 9. Nf3 O-O 10. O-O Nbd7 11. Rb1 Qa5 12. Bd2 Rfb8 13. Qc2 Qc7 14. b3
Nb6 15. Nh4 Bb7 16. e4 Ba6 17. Rfe1 Ng4 18. h3 Ne5 19. Bf1 Bxf1 20. Rxf1 Qc8
21. Kg2 Qa6 22. a4 Qd3 23. Rfc1 c4 24. Be3 cxb3 25. Rxb3 Nbc4 26. Qxd3 Nxd3 27.
Rcb1 Rxb3 28. Rxb3 Nxe3+ 29. fxe3 Nc5 30. Ra3 Bxc3 31. Rxc3 Rxa4 32. e5 Ra2+
33. Kf3 Nd7 34. exd6 exd6 35. g4 Ne5+ 36. Kg3 Rd2 37. e4 Re2 38. Rc8+ Kg7 39.
Rd8 Re3+ 40. Kg2 Nc4 41. Rc8 Nd2 42. Rd8 Re2+ 43. Kg3 Nxe4+ 44. Kf3 Re1 45. Ng2
Nd2+ 46. Kf2 Re5 47. Nf4 Nc4 48. Rd7 Kf6 49. h4 g5 50. hxg5+ Kxg5 51. Rxf7 Kxg4
52. Ne2 Rf5+ 53. Rxf5 Kxf5 54. Kg3 Ne3 55. Nc3 Ke5 56. Kh4 Nxd5 57. Nb5 Nf6 58.
Kg5 h5 59. Nc3 Ne4+ 0-1

[Event "International chess holiday M31"]
[Site "Praha"]
[Date "2014.08.05"]
[Round "4"]
[White "Simecek, Bohumil"]
[Black "Jurcisin, Imrich"]
[Result "1/2-1/2"]
[ECO "A52"]
[WhiteElo "2058"]
[BlackElo "2037"]
[Annotator "Koller,Martin"]
[PlyCount "64"]
[TimeControl "240+2"]

1. d4 Nf6 2. c4 e5 3. dxe5 Ng4 4. Bf4 Nc6 5. Nf3 Bb4+ 6. Nc3 Bxc3+ 7.
bxc3 Qe7 8. Qd5 f6 9. exf6 Nxf6 10. Qd3 d6 11. Bg5 O-O 12. e3 Ne5 13. Nxe5 Qxe5
14. Bf4 Qa5 15. f3 Bf5 16. Qd2 Rae8 17. Be2 Nh5 18. Bg3 Nxg3 19. hxg3 Qe5 20.
Kf2 b6 21. Bd3 Qf6 22. Rab1 a6 23. Rb3 Re5 24. Ra3 a5 25. Rb3 Rfe8 26. Rb5 Bg6
27. Rxe5 Rxe5 28. Rh4 h6 29. Rf4 Qe6 30. Bxg6 Qxg6 31. Rg4 Qe6 32. Rd4 Rc5
1/2-1/2

[Event "International chess holiday K31"]
[Site "Praha"]
[Date "2014.08.05"]
[Round "4"]
[White "Hadzala, Daniel"]
[Black "Fitzke, Ulrich"]
[Result "1-0"]
[ECO "A08"]
[WhiteElo "2070"]
[BlackElo "1926"]
[Annotator "Koller,Martin"]
[PlyCount "109"]
[TimeControl "240+2"]

1. Nf3 c5 2. g3 Nc6 3. Bg2 Nf6 4. O-O g6 5. d3 d5 6. c3 Bg7 7. Nbd2 O-O
8. e4 dxe4 9. dxe4 Qc7 10. Qc2 e5 11. Re1 b6 12. Bf1 Bb7 13. a4 Rfd8 14. Nc4
Rd7 15. Bh3 Rdd8 16. Bg5 h6 17. Bxf6 Bxf6 18. Nfd2 Bc8 19. Bxc8 Raxc8 20. Ne3
Ne7 21. Ndc4 Bg5 22. Ng4 Nc6 23. h4 h5 24. hxg5 hxg4 25. Qe2 Qe7 26. Qxg4 Rc7
27. Ne3 Qd7 28. Rad1 Qc8 29. Qh4 Rxd1 30. Rxd1 Rd7 31. Nd5 Rxd5 32. Rxd5 Qe6
33. Kg2 Qe7 34. Qg4 Kf8 35. Qd7 Qe8 36. Rd6 Ne7 37. Qxe8+ Kxe8 38. f4 Nc8 39.
Rd5 exf4 40. gxf4 Ke7 41. Kf3 a6 42. a5 c4 43. axb6 Nxb6 44. Ra5 Nd7 45. Rxa6
Nc5 46. Ra7+ Ke6 47. Rc7 Nd3 48. Rc6+ Ke7 49. Rxc4 Nxb2 50. Rd4 f6 51. gxf6+
Kxf6 52. Ke2 g5 53. fxg5+ Kxg5 54. Kd2 Kf4 55. Kc2 1-0

[Event "International chess holiday K31"]
[Site "Praha"]
[Date "2014.08.05"]
[Round "4"]
[White "Kostelecky, Daniel"]
[Black "Kovar, Jan"]
[Result "1/2-1/2"]
[ECO "C02"]
[WhiteElo "1639"]
[BlackElo "1945"]
[Annotator "Koller,Martin"]
[PlyCount "52"]
[TimeControl "240+2"]

1. e4 e6 2. d4 d5 3. e5 c5 4. c3 Nc6 5. Nf3 Bd7 6. Be2 Nge7 7. O-O Ng6
8. b3 Be7 9. Ne1 cxd4 10. cxd4 Qb6 11. Be3 O-O 12. Nc3 f6 13. f4 fxe5 14. fxe5
Ngxe5 15. Na4 Qc7 16. dxe5 Qxe5 17. Nc2 Rxf1+ 18. Bxf1 b6 19. Bb5 Rf8 20. Bxc6
Bxc6 21. Qd4 Qd6 22. Rd1 e5 23. Qg4 d4 24. Nxd4 exd4 25. Bxd4 Qh6 26. Nc3 Rd8
1/2-1/2

[Event "International chess holiday K31"]
[Site "Praha"]
[Date "2014.08.05"]
[Round "4"]
[White "Nelson, Wayne"]
[Black "Pokorny, Jan"]
[Result "1-0"]
[ECO "E61"]
[WhiteElo "2067"]
[BlackElo "1879"]
[Annotator "Koller,Martin"]
[PlyCount "64"]
[TimeControl "240+2"]

1. d4 d6 2. Nf3 Nf6 3. c4 g6 4. Nc3 Bg7 5. e3 O-O 6. b3 b6 7. Bb2 Bb7
8. g3 Ne4 9. Bg2 c5 10. O-O Nd7 11. Qc2 Nxc3 12. Bxc3 cxd4 13. exd4 Rc8 14.
Rfe1 Re8 15. Qb2 Qc7 16. Rac1 e6 17. Qd2 Nf6 18. Bb2 Qd7 19. a4 a6 20. Qd3 Rcd8
21. Bh3 Qc6 22. Bg2 Qd7 23. Qc3 b5 24. axb5 axb5 25. c5 dxc5 26. dxc5 Bxf3 27.
Bxf3 Nh5 28. Qc2 Bxb2 29. Qxb2 Ng7 30. Red1 Qc7 31. b4 Nf5 32. Rd2 Rd3 1-0

[Event "International chess holiday M31"]
[Site "Praha"]
[Date "2014.08.05"]
[Round "5"]
[White "Gregor, Jiri"]
[Black "Hansch, Torsten"]
[Result "1/2-1/2"]
[ECO "D65"]
[WhiteElo "2262"]
[BlackElo "2117"]
[Annotator "Koller,Martin"]
[PlyCount "78"]
[TimeControl "240+2"]

1. d4 d5 2. c4 e6 3. Nc3 Nf6 4. Nf3 Be7 5. Bg5 Nbd7 6. e3 O-O 7. a3 a6
8. Rc1 c6 9. cxd5 exd5 10. Bd3 Re8 11. Qc2 Nf8 12. O-O Bg4 13. Ne5 Bh5 14. h3
N6d7 15. Bxe7 Qxe7 16. Nxd7 Qxd7 17. b4 Bg6 18. Na4 Bxd3 19. Qxd3 Qc7 20. Rc2
Nd7 21. Rfc1 Re6 22. Nc5 Nxc5 23. Rxc5 Qd7 24. Qf5 Rae8 25. a4 Qe7 26. b5 axb5
27. axb5 Rf6 28. Qc2 cxb5 29. Rc7 Qe6 30. Rxb7 Rg6 31. Qc7 h5 32. Rc5 Qe4 33.
Qxf7+ Kh7 34. g3 Ra8 35. Rbc7 Ra1+ 36. Rc1 Rxc1+ 37. Rxc1 Rxg3+ 38. fxg3 Qxe3+
39. Kg2 Qd2+ 1/2-1/2

[Event "International chess holiday M31"]
[Site "Praha"]
[Date "2014.08.05"]
[Round "5"]
[White "Hansch, Stephan"]
[Black "Hanl, Frantisek"]
[Result "1-0"]
[ECO "A84"]
[WhiteElo "2044"]
[BlackElo "1972"]
[Annotator "Koller,Martin"]
[PlyCount "75"]
[TimeControl "240+2"]

1. d4 d5 2. c4 e6 3. Nf3 f5 4. e3 Nf6 5. Be2 c6 6. O-O Bd6 7. b3 O-O 8.
Ba3 Bxa3 9. Nxa3 Qe7 10. Qc1 Nbd7 11. Qb2 Ne4 12. Nc2 g5 13. Nce1 g4 14. Ne5
Nxe5 15. dxe5 Kh8 16. Nd3 Bd7 17. Nf4 Qg7 18. Rac1 Rac8 19. Bd3 Ng5 20. Nh5 Qe7
21. cxd5 cxd5 22. Rxc8 Bxc8 23. Rc1 Qd8 24. Qc3 Bd7 25. Qc5 Bc6 26. Nf4 Re8 27.
Qxa7 Qc7 28. Qd4 Qg7 29. Nh5 Qg6 30. Nf6 Ra8 31. a4 Qg7 32. Kh1 Nf7 33. Bb5 Nd8
34. f4 gxf3 35. gxf3 Qh6 36. Rg1 Nf7 37. Bxc6 bxc6 38. Qa7 1-0

[Event "International chess holiday M31"]
[Site "Praha"]
[Date "2014.08.05"]
[Round "5"]
[White "Hansch, Karsten"]
[Black "Simecek, Bohumil"]
[Result "1-0"]
[ECO "A11"]
[WhiteElo "2181"]
[BlackElo "2058"]
[Annotator "Koller,Martin"]
[PlyCount "63"]
[TimeControl "240+2"]

1. c4 c6 2. g3 d5 3. Nf3 Nf6 4. Bg2 Bf5 5. O-O e6 6. Qb3 Qb6 7. d3 Nbd7
8. Be3 Bc5 9. Bxc5 Nxc5 10. Qxb6 axb6 11. Nc3 O-O 12. Rfc1 dxc4 13. dxc4 h6 14.
Nd4 Bg6 15. b4 Nce4 16. Nxe4 Nxe4 17. Bxe4 Bxe4 18. f3 e5 19. Nb3 Bf5 20. c5
Ra4 21. b5 Rb4 22. bxc6 bxc6 23. cxb6 Rxb6 24. Na5 Be6 25. Nxc6 Rb2 26. a4 Rxe2
27. a5 Bd7 28. a6 Bxc6 29. Rxc6 Rb2 30. a7 Ra8 31. Rc7 Rd2 32. Rb7 1-0

[Event "International chess holiday M31"]
[Site "Praha"]
[Date "2014.08.05"]
[Round "5"]
[White "Jrucisin, Imrich"]
[Black "Rut, Vojtìch"]
[Result "1-0"]
[ECO "B32"]
[WhiteElo "2037"]
[BlackElo "2119"]
[Annotator "Koller,Martin"]
[PlyCount "45"]
[TimeControl "240+2"]

1. e4 c5 2. Nf3 Nc6 3. d4 cxd4 4. Nxd4 e5 5. Nb5 d6 6. c4 Be7 7. N1c3
a6 8. Na3 f5 9. exf5 Bxf5 10. Bd3 Be6 11. O-O Nf6 12. Nc2 O-O 13. Ne3 Nd4 14.
Ncd5 Rc8 15. Bd2 b5 16. Nxe7+ Qxe7 17. cxb5 axb5 18. Bc3 Qa7 19. a4 bxa4 20.
Rxa4 Qc5 21. Bxd4 exd4 22. Rxd4 Rb8 23. Bc4 1-0

[Event "International chess holiday M31"]
[Site "Praha"]
[Date "2014.08.05"]
[Round "5"]
[White "Vavrinec, Tomas"]
[Black "Michalek, Frantisek"]
[Result "1/2-1/2"]
[ECO "A21"]
[WhiteElo "2044"]
[BlackElo "2081"]
[Annotator "Koller,Martin"]
[PlyCount "46"]
[TimeControl "240+2"]

1. c4 e5 2. Nc3 Bb4 3. Qb3 Nc6 4. Nd5 Bc5 5. Qg3 Kf8 6. Nf3 d6 7. a3 a5
8. b3 Nh6 9. Nh4 Nd4 10. Rb1 c6 11. Nc3 Nhf5 12. Nxf5 Bxf5 13. d3 Nc2+ 14. Kd1
Nxa3 15. Ra1 b5 16. Qf3 Bd7 17. Ne4 b4 18. Nxc5 dxc5 19. Qe3 Qe7 20. Bxa3 bxa3
21. Rxa3 f6 22. g4 Kf7 23. Bg2 Rhb8 1/2-1/2

[Event "International chess holiday K31"]
[Site "Praha"]
[Date "2014.08.05"]
[Round "5"]
[White "Fitzke, Ulrich"]
[Black "Skvaril, Michal"]
[Result "1/2-1/2"]
[ECO "E14"]
[WhiteElo "1926"]
[BlackElo "1730"]
[Annotator "Koller,Martin"]
[PlyCount "127"]
[TimeControl "240+2"]

1. d4 d5 2. c4 e6 3. Nc3 Nf6 4. e3 Be7 5. Nf3 O-O 6. Bd3 b6 7. O-O Bb7
8. Qe2 c5 9. b3 Nc6 10. cxd5 exd5 11. dxc5 bxc5 12. Ba6 Bxa6 13. Qxa6 Qb6 14.
Qe2 Rfd8 15. Rd1 Rd7 16. Ba3 Rc8 17. Rac1 Nb4 18. Ne5 Rdd8 19. Na4 Qb8 20. Nf3
Ne4 21. Nc3 Nxc3 22. Rxc3 Bf6 23. Rcc1 Qb6 24. Qd2 a5 25. h3 h6 26. Bb2 Bxb2
27. Qxb2 Qb5 28. Qd2 a4 29. a3 Na6 30. b4 cxb4 31. Nd4 Qb6 32. axb4 Rxc1 33.
Rxc1 Qxb4 34. Qa2 Ra8 35. Qxd5 Qf8 36. Nc6 a3 37. Ra1 Nc7 38. Qb3 Qc5 39. Nd4
Qa5 40. Nc6 Qc5 41. Nd4 Qa5 42. Nc2 Nb5 43. Kf1 Qa4 44. Kg1 Qa5 45. Qb4 Qxb4
46. Nxb4 a2 47. Rxa2 Rxa2 48. Nxa2 Kf8 49. Kf1 Ke7 50. Ke2 Ke6 51. Kd3 Nd6 52.
Nc3 f5 53. Kd4 g5 54. f3 h5 55. e4 fxe4 56. Nxe4 Nf7 57. Ng3 h4 58. Ne4 Kf5 59.
Ke3 Ne5 60. Nd2 Ng6 61. Ne4 Nf4 62. Kf2 Nd3+ 63. Kf1 Kf4 64. Ke2 1/2-1/2

[Event "International chess holiday K31"]
[Site "Praha"]
[Date "2014.08.05"]
[Round "5"]
[White "Kovar, Jan"]
[Black "Hadzala, Daniel"]
[Result "1-0"]
[ECO "C06"]
[WhiteElo "1945"]
[BlackElo "2070"]
[Annotator "Koller,Martin"]
[PlyCount "91"]
[TimeControl "240+2"]

1. e4 e6 2. d4 d5 3. Nd2 Nf6 4. e5 Nfd7 5. c3 c5 6. Bd3 Nc6 7. Ne2 cxd4
8. cxd4 Nb6 9. O-O Bd7 10. Nf3 Nb4 11. Bb1 Bb5 12. a3 Nc6 13. Re1 Bxe2 14. Rxe2
a5 15. b3 a4 16. Bd3 Be7 17. Qc2 Rc8 18. Qb1 h6 19. bxa4 O-O 20. Bb5 Na5 21.
Bd2 Nbc4 22. Bb4 Kh8 23. Rc2 Rg8 24. Nd2 Bg5 25. Nb3 b6 26. g3 h5 27. Raa2 h4
28. Nxa5 bxa5 29. Bc5 Bh6 30. Qb3 Qg5 31. Bxc4 dxc4 32. Qxc4 Qf5 33. Qe2 Rgd8
34. g4 Qf4 35. Bb6 Rxc2 36. Rxc2 Rb8 37. Bxa5 Rb3 38. Rc8+ Kh7 39. Qc2+ g6 40.
Qxb3 Qxg4+ 41. Kf1 h3 42. Qd3 Qg2+ 43. Ke2 Qxh2 44. Rc3 Qf4 45. Qxh3 Qxd4 46.
Bb4 1-0

[Event "International chess holiday K31"]
[Site "Praha"]
[Date "2014.08.05"]
[Round "5"]
[White "Pokorny, Jan"]
[Black "Kostelecky, Daniel"]
[Result "0-1"]
[ECO "D86"]
[WhiteElo "1866"]
[BlackElo "1639"]
[Annotator "Koller,Martin"]
[PlyCount "69"]
[TimeControl "240+2"]

1. d4 Nf6 2. c4 g6 3. Nc3 d5 4. cxd5 Nxd5 5. e4 Nxc3 6. bxc3 Bg7 7. Bc4
c5 8. Ne2 Nc6 9. d5 Ne5 10. Bb5+ Bd7 11. Bxd7+ Qxd7 12. O-O O-O 13. Rb1 b5 14.
Be3 Rfc8 15. h3 a5 16. Qb3 b4 17. c4 a4 18. Qc2 f6 19. Nf4 Bh6 20. Rfe1 Bxf4
21. Bxf4 Rcb8 22. Bxe5 fxe5 23. Re3 Ra6 24. a3 Rab6 25. axb4 Rxb4 26. Ra1 Rb3
27. Ra3 Rb1+ 28. Kh2 R8b4 29. Rf3 R1b2 30. Qc1 R2b3 31. Qh6 Rxf3 32. Rxf3 Qe8
33. g4 Rb6 34. g5 Ra6 35. Rf7 0-1

[Event "International chess holiday K31"]
[Site "Praha"]
[Date "2014.08.05"]
[Round "5"]
[White "Thomasson, Staffan"]
[Black "Nelson, Wayne"]
[Result "0-1"]
[ECO "D02"]
[WhiteElo "1879"]
[BlackElo "2067"]
[Annotator "Koller,Martin"]
[PlyCount "100"]
[TimeControl "240+2"]

1. d4 c6 2. Nf3 d5 3. Bf4 Nf6 4. e3 Bg4 5. Nbd2 e6 6. h3 Bh5 7. Be2 Bd6
8. Ne5 Bxe2 9. Qxe2 O-O 10. g4 Bc7 11. O-O-O Nfd7 12. g5 Nxe5 13. dxe5 Nd7 14.
Bg3 Bxe5 15. f4 Bc7 16. h4 e5 17. f5 e4 18. Rdg1 Kh8 19. Bf4 Bxf4 20. exf4 Nc5
21. h5 Qd7 22. Qg4 f6 23. h6 g6 24. fxg6 hxg6 25. Qh4 f5 26. Qg3 b6 27. h7 a5
28. Rh6 Qg7 29. Qc3 Qxc3 30. bxc3 Kg7 31. Nf1 Ne6 32. Rh4 Rh8 33. Rgh1 Nf8 34.
Ne3 Rxh7 35. Rh6 Rxh6 36. gxh6+ Kh7 37. a4 Ne6 38. Rh4 Nc5 39. Nd1 Nxa4 40. Nf2
Nxc3 41. Nh3 Rf8 42. Ng5+ Kh8 43. Kd2 d4 44. Ne6 Rf6 45. Nxd4 Nd5 46. c4 Nb4
47. Kc3 Na6 48. Nb3 Nc5 49. Nc1 Rd6 50. Rh2 Nd3 0-1

[Event "International chess holiday M31"]
[Site "Praha"]
[Date "2014.08.06"]
[Round "6"]
[White "Hanl, Frantisek"]
[Black "Jurcisin, Imrich"]
[Result "1/2-1/2"]
[ECO "B01"]
[WhiteElo "1972"]
[BlackElo "2037"]
[Annotator "Koller,Martin"]
[PlyCount "82"]
[TimeControl "240+2"]

1. e4 d5 2. exd5 Nf6 3. d4 Nxd5 4. c4 Nb4 5. a3 N4c6 6. Be3 e5 7. d5
Ne7 8. Nc3 Nf5 9. Bd3 Be7 10. Nf3 Nxe3 11. fxe3 Nd7 12. Qe2 g6 13. b4 a5 14.
Rb1 axb4 15. axb4 Bf6 16. O-O O-O 17. e4 Bg7 18. Ra1 Rxa1 19. Rxa1 c5 20. b5
Nb6 21. Nd2 Qg5 22. Re1 f5 23. Nf3 Qf4 24. Qd2 fxe4 25. Nxe4 Bg4 26. Rf1 Nxc4
27. Qxf4 Rxf4 28. Nxc5 Ne3 29. Re1 Bxf3 30. gxf3 Nxd5 31. Be4 Nc3 32. Bxb7 Nxb5
33. Ne6 Rf5 34. Bd5 Nc3 35. Bc4 Kh8 36. Ra1 Rxf3 37. Ra8+ Bf8 38. Rxf8+ Rxf8
39. Nxf8 Kg7 40. Nd7 e4 41. Kf2 g5 1/2-1/2

[Event "International chess holiday M31"]
[Site "Praha"]
[Date "2014.08.06"]
[Round "6"]
[White "Hansch, Karsten"]
[Black "Vavrinec, Tinas"]
[Result "1-0"]
[ECO "A36"]
[WhiteElo "2181"]
[BlackElo "2044"]
[Annotator "Koller,Martin"]
[PlyCount "107"]
[TimeControl "240+2"]

1. c4 c5 2. g3 Nf6 3. Bg2 Nc6 4. Nc3 g6 5. a3 Bg7 6. Rb1 a5 7. Nf3 d5
8. cxd5 Nxd5 9. O-O O-O 10. Qb3 Nc7 11. d3 Nd4 12. Nxd4 cxd4 13. Na4 b5 14. Nc5
Rb8 15. Bf4 e5 16. Bd2 Ne6 17. Rbc1 Qb6 18. Nxe6 Bxe6 19. Bd5 a4 20. Qa2 Bxd5
21. Qxd5 Rbc8 22. Qd7 Qa6 23. f4 Bh6 24. Bb4 Rfd8 25. Rxc8 Qxc8 26. Qxb5 exf4
27. Qc4 Qxc4 28. dxc4 fxg3 29. hxg3 Re8 30. Kf2 f5 31. Rd1 Kf7 32. Rd3 Be3+ 33.
Kf3 g5 34. b3 g4+ 35. Kg2 axb3 36. Rxb3 f4 37. Be1 Rc8 38. Rb7+ Kg6 39. Rb6+
Kf5 40. a4 Rxc4 41. a5 Rc1 42. Bf2 fxg3 43. Bxe3 dxe3 44. Rb5+ Ke4 45. Rb4+ Ke5
46. Ra4 Rc2 47. a6 Rxe2+ 48. Kxg3 Rc2 49. Rxg4 Kf5 50. Ra4 Rc8 51. Kf3 Ra8 52.
Kxe3 Ke5 53. Rh4 Rxa6 54. Rh5+ 1-0